cohdb
Replays
Latest Replays
All Replays
Popular Replays
Top Player Replays
Match Explorer
How It Works
Community
CoH3 Stats
Reddit
Sign in to upload your games and track your stats! →
Sign in with Steam
Match 45887301
Unlisted
Match 45887301
Overview
Messages
Build Orders
End
Royal Engineer Section
Construct Section Command Post
Dingo Light Scout Car
Dingo Light Scout Car
Dingo Light Scout Car
Construct Platoon Command Post
Selects Air and Sea Battlegroup
Selects Supply Surplus
Construct Resource Cache
Humber Armored Car
Construct Resource Cache
Humber Armored Car
Humber Armored Car
Humber Armored Car
Humber Armored Car
Humber Armored Car
Selects UNKNOWN (223837)
Selects Assault Flares
Assault Flares
Construct Resource Cache
Construct Resource Cache
Construct Company Command Post
Selects Commando Section Paradrop
Selects M1 Pack Howitzer Paradrop
Construct Resource Cache
Construct Resource Cache
Construct Resource Cache
Assault Flares
DrinkIIScotch
nub
oziligath
[82AD] Janko
菲蕾嘉
rickysheuS03
LeVisir
陈浩南
0
0
Comments
sign in to comment!
No comments posted yet!